 Dungeon Crawl Stone Soup version 0.30.1-11-g7821555f0a (webtiles) character file.

Game seed: 365747240073281389

2978 jfcaron the Grappler (level 9, -9/88 HPs)
             Began as a Troll Earth Elementalist on Dec 20, 2023.
             Was a Believer of Wu Jian.
             Mangled by a hornet (13 damage)
             ... on level 7 of the Dungeon.
             The game lasted 00:20:14 (6362 turns).

jfcaron the Grappler (Troll Earth Elementalist)     Turns: 6362, Time: 00:20:14

Health: -9/88      AC:  5    Str: 18    XL:     9   Next: 53%
Magic:  11/11      EV: 10    Int: 15    God:    Wu Jian [**....]
Gold:   323        SH:  0    Dex: 10    Spells: 6/12 levels left

rFire   + .          .
                       - Unarmed
rCold   . . .        (no shield)
rNeg    . . .        a - +0 robe
rPois   +            (helmet restricted)
rElec   .            D - +0 cloak
rCorr   .            (gloves unavailable)
SInv    .            (boots unavailable)
Will    .....        f - amulet of magic regeneration
Stlth   +            y - ring of protection from fire
HPRegen 1.14/turn    z - ring of poison resistance
MPRegen 0.52/turn

%: no passive effects
@: no status effects
A: large, unfitting armour, claws 3, regeneration 1, shaggy fur 1, tough skin 1
a: Renounce Religion, Wall Jump


You were on level 7 of the Dungeon.
You worshipped Wu Jian.
Wu Jian was pleased with you.
You visited 2 branches of the dungeon, and saw 9 of its levels.

You collected 323 gold pieces.

Inventory:

Missiles
 d - 4 large rocks
 k - 21 poisoned darts
 p - 69 stones
 v - 5 boomerangs
 x - 3 javelins
Armour
 a - a +0 robe (worn)
 D - a +0 cloak (worn)
Magical Staves
 j - a staff of death
   (You found it on level 7 of the Dungeon)
 w - a staff of fire
   (You found it on level 3 of the Dungeon)
Jewellery
 f - an amulet of magic regeneration (around neck)
   (You found it on level 1 of the Dungeon)
 y - a ring of protection from fire (left claw)
   (You found it on level 3 of the Dungeon)
 z - a ring of poison resistance (right claw)
Wands
 c - a wand of polymorph (7)
 B - a wand of mindburst (15)
Scrolls
 i - a scroll of fog
 l - a scroll of blinking
 n - a scroll of fear
 q - a scroll of immolation
 r - a scroll of teleportation
 s - 3 scrolls of vulnerability
 u - a scroll of identify
Potions
 b - a potion of magic
 e - a potion of curing
 g - 4 potions of attraction
 m - 2 potions of mutation
 o - a potion of flight
 t - 3 potions of heal wounds
 A - a potion of resistance
 C - a potion of cancellation


   Skills:
 - Level 5.0 Fighting
 - Level 2.0 Dodging
 - Level 1.0 Stealth
 * Level 8.8 Unarmed Combat
 - Level 2.0 Spellcasting
 - Level 1.0 Transmutations
 + Level 7.1 Earth Magic


You had 6 spell levels left.
You knew the following spells:

 Your Spells              Type           Power      Damage    Failure   Level
a - Sandblast             Erth           44%        2d11      1%          1
b - Passwall              Tmut/Erth      10%        N/A       6%          2
c - Stone Arrow           Conj/Erth      24%        3d8       16%         3

Your spell library contained the following spells:

 Spells                   Type           Power      Damage    Failure   Level
 Beastly Appendage        Tmut           8%         N/A       14%         1
 Kiss of Death            Conj/Necr      4%         2d5       22%         1
 Necrotise                Necr           4%         1d4       22%         1
 Shock                    Conj/Air       4%         1d3       22%         1
 Summon Small Mammal      Summ           4%         N/A       22%         1
 Wereblood                Tmut           4%         N/A       22%         2
 Cigotuvi's Dreadful Rot  Necr/Pois/Air  2%         N/A       32%         2
 Petrify                  Tmut/Erth      13%        N/A       38%         4
 Spider Form              Tmut/Pois      3%         N/A       47%         3
 Ignite Poison            Fire/Tmut/Pois 2%         N/A       52%         3
 Call Canine Familiar     Summ           1%         N/A       54%         3
 Confusing Touch          Hex            1%         N/A       54%         3
 Summon Guardian Golem    Hex/Summ       1%         N/A       54%         3
 Swiftness                Air            1%         N/A       54%         3
 Airstrike                Air            0%         2d(1-17)  91%         4
 Dispel Undead            Necr           1%         3d6       91%         4
 Freezing Cloud           Conj/Ice/Air   0%         6-21      99%         5


Dungeon Overview and Level Annotations

Branches:
Dungeon (8/15)             Temple (1/1) D:4
   Lair: D:8-11

Altars:
Ashenzari
Cheibriados
Dithmenos
Fedhas
Gozag
Kikubaaqudgha
Nemelex Xobeh
Okawaru
Qazlal
Ru
Sif Muna
Trog
Uskayaw
Vehumet
Wu Jian
Xom
Yredelemnul
Zin
The Shining One

Annotations:
D:2 Terence


Innate Abilities, Weirdness & Mutations

You are too large for most types of armour.
You have claws for hands.
Your natural rate of healing is unusually fast.
You are covered in fur. (AC +1)
You have tough skin. (AC +1)


Message History

The hornet completely misses you. The orc hits you but does no damage.
You mangle the orc!!
You kill the orc!
The Council accepts your kill.
You feel yourself speed up. The hornet barely misses you.
The hornet stings you but does no damage.
You mangle the hornet!!
The hornet is heavily wounded.
The hornet stings you.
You suddenly lose the ability to move!
The hornet stings you.
You shrug off the repeated paralysis!
The hornet stings you!
The hornet stings you but does no damage.
The hornet stings you!
* * * LOW HITPOINT WARNING * * *
The hornet stings you!
* * * LOW HITPOINT WARNING * * *
You can move again.
You feel much better. The hornet stings you.
You feel yourself slow down. The hornet barely misses you.
Aiming: Mindburst
Press: ? - help, Shift-Dir - straight line, f - hornet
Aim: a hornet (heavily wounded, chance to affect: 55%)
The hornet resists with significant effort.
You feel yourself speed up. The hornet barely misses you.
The hornet stings you!
* * * LOW HITPOINT WARNING * * *
You feel yourself slow down.
You barely miss the hornet.
The hornet is heavily wounded.
The hornet stings you.
* * * LOW HITPOINT WARNING * * *
The hornet barely misses you.
You claw the hornet!
The hornet is almost dead.
You feel yourself speed up. The hornet stings you!
* * * LOW HITPOINT WARNING * * *
The hornet stings you!
You die...

#########
#.......#
#)#####.#
#@#####.###
#y##.^....#
#.......#.#######
#.##.##.#.......##
#.......#######...
#.##..#.# ####
#.###.#.# ########
####### #.......#
#....... #.....###
#####.### #.......


You could see a hornet.

Vanquished Creatures
  Psyche (D:7)
  Prince Ribbit (D:7)
  Sigmund (D:2)
  2 yaks
  2 steam dragons (D:7)
  Menkaure (D:7)
  A water moccasin (D:7)
  A sky beast (D:7)
  2 ice beasts (D:7)
  A centaur (D:5)
  An ogre (D:7)
  A kobold brigand (D:7)
  2 bullfrogs (D:6)
  2 scorpions
  3 wights
  2 jellies
  3 hounds
  3 orc priests
  Crazy Yiuf (D:7)
  A gnoll bouda (D:7)
  3 iguanas
  Jessica (D:2)
  2 orc wizards
  4 gnolls (D:7)
  8 adders
  A shadow imp (D:7)
  4 white imps
  An ufetubus (D:6)
  A worm (D:1)
  2 dart slugs (D:5)
  21 orcs
  7 ball pythons
  11 endoplasms
  2 giant cockroaches
  11 hobgoblins
  10 kobolds
  3 quokkas
  6 bats
  4 frilled lizards
  7 goblins
  8 rats
149 creatures vanquished.

Notes
Turn   | Place    | Note
-------+----------+-------------------------------------------
     0 | D:1      | jfcaron the Troll Earth Elementalist began the quest for
                  | the Orb.
     0 | D:1      | Reached XP level 1. HP: 16/16 MP: 1/1
   373 | D:1      | Reached skill level 1 in Transmutations
   373 | D:1      | Reached XP level 2. HP: 24/24 MP: 3/3
   376 | D:1      | Learned a level 2 spell: Passwall
   862 | D:1      | Reached XP level 3. HP: 26/31 MP: 2/4
   938 | D:2      | Noticed Jessica
   943 | D:2      | Killed Jessica
   987 | D:2      | Reached XP level 4. HP: 39/39 MP: 4/6
   991 | D:2      | Learned a level 3 spell: Stone Arrow
  1028 | D:2      | Noticed Sigmund
  1286 | D:2      | Noticed Terence
  1411 | D:2      | Killed Sigmund
  1412 | D:2      | Reached skill level 1 in Fighting
  1412 | D:2      | Reached skill level 2 in Unarmed Combat
  1412 | D:2      | Reached XP level 5. HP: 27/49 MP: 5/7
  1562 | D:3      | You fall into a shaft and drop 1 floor!
  1591 | D:4      | Reached XP level 6. HP: 57/57 MP: 8/8
  1643 | D:4      | Found a bloodstained altar of Trog.
  1902 | D:3      | Found a broken altar of Ashenzari.
  2205 | D:3      | Found an ancient bone altar of Kikubaaqudgha.
  2206 | D:3      | Found a radiant altar of Vehumet.
  2207 | D:3      | Found a shimmering blue altar of Sif Muna.
  2214 | D:3      | Got Kikubaaqudgha's Compilation of Death
  2619 | D:3      | jfcaron: ??invo
  2619 | D:3      | jfcaron: ?invo
  2619 | D:3      | beem: invocations[1/3]: Used by TSO, Beogh, Cheibriados,
                  | Dithmenos, Elyvilon, Fedhas, Hepliaklqana, Lugonu, Makhleb,
                  | Nemelex Xobeh, Okawaru, Qazlal, Sif Muna, Uskayaw,
                  | Yredelemnul, Zin. Not used by Ashenzari, Gozag, Ignis,
                  | Jiyva, Kikubaaqudgha, Ru, Trog, Vehumet, Wu Jian, Xom.
  2774 | D:4      | Reached skill level 3 in Unarmed Combat
  2934 | D:4      | Found a staircase to the Ecumenical Temple.
  2943 | Temple   | Entered the Ecumenical Temple
  2999 | Temple   | Became a worshipper of the Wu Jian Council
  3068 | D:4      | Found a hide-covered altar of Uskayaw.
  3227 | D:4      | Reached XP level 7. HP: 60/62 MP: 9/9
  3616 | D:5      | Entered Level 5 of the Dungeon
  3785 | D:5      | Reached skill level 4 in Unarmed Combat
  3785 | D:5      | Reached skill level 5 in Earth Magic
  4586 | D:6      | Reached * piety under Wu Jian
  4634 | D:6      | Reached skill level 5 in Unarmed Combat
  4634 | D:6      | Reached XP level 8. HP: 66/75 MP: 10/10
  4898 | D:6      | Found a glowing silver altar of Zin.
  4899 | D:6      | Found an opulent altar of Gozag.
  5163 | D:7      | Reached skill level 6 in Unarmed Combat
  5309 | D:7      | Found a sacrificial altar of Ru.
  5526 | D:7      | Reached skill level 7 in Unarmed Combat
  5606 | D:7      | Noticed Menkaure
  5612 | D:7      | Killed Menkaure
  5613 | D:7      | Reached XP level 9. HP: 85/85 MP: 9/11
  5803 | D:7      | Found a runed translucent door.
  5804 | D:7      | Noticed Crazy Yiuf
  6091 | D:7      | Killed Crazy Yiuf
  6091 | D:7      | Reached ** piety under Wu Jian
  6194 | D:8      | Noticed Psyche
  6210 | D:7      | Killed Psyche
  6211 | D:7      | Reached skill level 5 in Fighting
  6211 | D:7      | Reached skill level 8 in Unarmed Combat
  6266 | D:8      | Noticed Prince Ribbit
  6278 | D:7      | Killed Prince Ribbit
  6355 | D:7      | Paralysed by a hornet for 3 turns
  6357 | D:7      | HP: 16/88 [hornet (15)]
  6358 | D:7      | HP: 7/88 [hornet (10)]
  6362 | D:7      | Mangled by a hornet

Illustrated notes

Levels and vault maps discovered:
D:1:      saegor_arrival_simple_e, layout_rooms, nicolae_eternal_life
D:2:      layout_rooms, hex_tiny, uniq_sigmund, uniq_jessica, uniq_terence
D:3:      layout_basic, grunt_temple_overflow_magic_moments,
          ashenzari_conservatory_becter
D:4:      layout_cave_pods, mainiacjoe_overflow_tiny_flanked,
          nicolae_uskayaw_dance_hall, minmay_temple_entry_butterflies
D:5:      layout_gridville, serial_bayou, serial_bayou_pond_c,
          serial_bayou_pond_b, serial_bayou_pond_a, serial_bayou_shore_b,
          serial_bayou_pond_c
D:6:      layout_cave_pools, grunt_temple_overflow_gold_and_silver
D:7:      layout_loops_cross, nicolae_ru_sacrificial_ziggurat, uniq_menkaure,
          uniq_crazy_yiuf_cottage
D:8:      layout_basic, erik_lair_orcish_takeover, uniq_maggie, uniq_maurice,
          uniq_psyche, uniq_prince_ribbit1
Temple:   eino_wide_crystal_templ

Skill      XL: |  1  2  3  4  5  6  7  8  9 |
---------------+----------------------------+-----
Transmutations | 1 |  1.0
Earth Magic    | 3 4 5 6 7 |  7.1
Dodging        | 2 |  2.0
Spellcasting   | 2 |  2.0
Fighting       | 1 2 3 4 5 |  5.0
Unarmed Combat | 2 3 5 7 8 |  8.8
Stealth        | |  1.0

Action                     |  1- 3 |  4- 6 |  7- 9 || total
---------------------------+-------+-------+-------++-------
  Melee: Unarmed           |    14 |    26 |   182 ||   222
         Punch             |       |       |     4 ||     4
   Cast: Sandblast         |    45 |   112 |    90 ||   247
Ability: Lunge             |       |       |     2 ||     2
         Whirlwind         |       |       |     2 ||     2
  Evoke: Wand              |       |       |     1 ||     1
    Use: Scroll            |       |     4 |    16 ||    20
         Potion            |       |     3 |     4 ||     7
 Armour: Robe              |    25 |    23 |    45 ||    93
  Dodge: Dodged            |    21 |    56 |    86 ||   163

Table legend: (Time is in decaauts)
 A = Elapsed time spent in this place.
 B = Non-inter-level travel time spent in this place.
 C = Inter-level travel time spent in this place.
 D = Time resting spent in this place.
 E = Time spent auto-exploring this place.
 F = Levels seen in this place.
 G = Mean time per level.
                   A        B        C        D        E       F      G
               +--------+--------+--------+--------+--------+-----+--------+
         Total |   6475 |   5896 |    579 |    741 |   3790 |   9 |  719.4 |
       Dungeon |   6412 |   5849 |    563 |    741 |   3752 |   8 |  801.5 |
        Temple |     62 |     46 |     16 |      0 |     38 |   1 |   62.0 |
               +--------+--------+--------+--------+--------+-----+--------+

Top non-repeatable levels by time:
     D:4: 1291 daAuts
     D:7: 1222 daAuts
     D:3: 942 daAuts
     D:1: 867 daAuts
     D:5: 711 daAuts
     D:2: 700 daAuts
     D:6: 642 daAuts
  Temple: 62 daAuts
     D:8: 35 daAuts

Table legend:
 A = Kills in this place as a percentage of kills in the entire game.
 B = Kills by you in this place as a percentage of kills by you in the entire game.
 C = Kills by friends in this place as a percentage of kills by friends in the entire game.
 D = Other kills in this place as a percentage of other kills in the entire game.
 E = Experience gained in this place as a percentage of experience gained in the entire game.
 F = Experience gained in this place divided by the number of levels of this place that you have seen.
                   A       B       C       D       E      F
               +-------+-------+-------+-------+-------+----------------------
         Total | 100.0 | 100.0 |   N/A |   N/A | 100.0 | 472.8
       Dungeon | 100.0 | 100.0 |   N/A |   N/A | 100.0 | 531.9
               +-------+-------+-------+-------+-------+----------------------

Levels and vault maps discovered:
D:1:      saegor_arrival_simple_e, layout_rooms, nicolae_eternal_life
D:2:      layout_rooms, hex_tiny, uniq_sigmund, uniq_jessica, uniq_terence
D:3:      layout_basic, grunt_temple_overflow_magic_moments,
          ashenzari_conservatory_becter
D:4:      layout_cave_pods, mainiacjoe_overflow_tiny_flanked,
          nicolae_uskayaw_dance_hall, minmay_temple_entry_butterflies
D:5:      layout_gridville, serial_bayou, serial_bayou_pond_c,
          serial_bayou_pond_b, serial_bayou_pond_a, serial_bayou_shore_b,
          serial_bayou_pond_c
D:6:      layout_cave_pools, grunt_temple_overflow_gold_and_silver
D:7:      layout_loops_cross, nicolae_ru_sacrificial_ziggurat, uniq_menkaure,
          uniq_crazy_yiuf_cottage
D:8:      layout_basic, erik_lair_orcish_takeover, uniq_maggie, uniq_maurice,
          uniq_psyche, uniq_prince_ribbit1
Temple:   eino_wide_crystal_templ
